 Dungeon Crawl Stone Soup version 0.19-a0-277-g85cb9a5 (webtiles) character file.

121 epen the Insei (level 5, -1/36 HPs)
             Began as an Octopode Monk on May 26, 2016.
             Killed by divine providence
             ... invoked by an orc priest
              (12 damage)
             ... on level 3 of the Dungeon.
             The game lasted 00:03:58 (1926 turns).

epen the Insei (Octopode Monk)                      Turns: 1926, Time: 00:04:00

Health: -1/36      AC:  1    Str: 10    XL:     5   Next: 5%
Magic:  5/5        EV: 14    Int: 13    God:
Gold:   120        SH:  0    Dex: 15    Spells: 0 memorised, 4 levels left

rFire  . . .     SeeInvis .       - Unarmed
rCold  . . .     Gourm    .     (no shield)
rNeg   . . .     Faith    .     (helmet restricted)
rPois  .         Spirit   .     (no amulet)
rElec  .         Dismiss  .     (no ring)
rCorr  .         Reflect  .     (no ring)
SustAt .         Harm     .     (no ring)
MR     .....                    (no ring)
Stlth  ++++......               (no ring)
                                (no ring)
                                (no ring)
                                (no ring)

@: not resistant to hostile enchantments, stealthy
A: almost no armour, amphibious, 8 rings, constrict 8, camouflage 1, gelatinous
body 1
a: no special abilities


You were on level 3 of the Dungeon.
You were very hungry.

You visited 1 branch of the dungeon, and saw 3 of its levels.

You collected 120 gold pieces.

Inventory:

Missiles
 g - 2 curare-tipped needles
 h - 17 poisoned needles
Scrolls
 e - 5 scrolls of identify {unknown}
 f - a scroll of fog {unknown}
 i - a scroll of amnesia {unknown}
Potions
 b - 2 potions of curing {unknown}
 c - a potion of cure mutation {unknown}
 d - a potion of resistance {unknown}
 j - a potion of brilliance {unknown}
Comestibles
 a - a bread ration
 k - a royal jelly


   Skills:
 + Level 3.3 Fighting
 * Level 4.0 Dodging
 + Level 4.0 Stealth
 * Level 4.8 Unarmed Combat


You had 4 spell levels left.
You didn't know any spells.

Dungeon Overview and Level Annotations

Branches:
Dungeon (3/15)

Altars:
Ashenzari
Pakellas


Innate Abilities, Weirdness & Mutations

You cannot wear most types of armour.
You are amphibious.
You can wear up to eight rings at the same time.
You can use your tentacles to constrict eight enemies at once.
Your skin changes colour to match your surroundings (Stealth+).
Your rubbery body absorbs attacks. (AC +1)


Message History

You barely miss the orc priest. You grab the orc priest.
You constrict the orc priest. The orc priest closely misses you.
You tentacle-slap the orc priest but do no damage.
You squeeze the orc priest!
The orc priest is severely wounded.
You constrict the orc priest.
The orc priest calls upon Beogh to heal the orc priest.
The orc priest is healed somewhat.
The orc priest mumbles some strange prayers to Beogh against you.
Beogh smites you!
* * * LOW HITPOINT WARNING * * *
You are too injured to fight recklessly!
You are too injured to fight recklessly!
You tentacle-slap the orc priest but do no damage.
You squeeze the orc priest.
The orc priest is severely wounded.
You constrict the orc priest.
The orc priest calls down the wrath of Beogh upon you.
Beogh smites you!
You die...

###.. ..#.. #.#..
#.#.# . #.#.#
..#####.#.#########..
#.......#....o.o....#
.............@ooo....
.###...###########..
#.........# ..#
#####...#.# ..#
.......#.# ..#
###....#.# ..#
#....#.# ..# #.####.#
####### ..#
#.####.###.....####..#


You could see 2 orc priests, an orc wizard and 2 orcs.

Vanquished Creatures
  7 adders
  2 oozes (D:1)
  A worm (D:2)
  2 dart slugs
  2 giant geckos
  A ball python (D:1)
  3 bats
  3 giant cockroaches
  3 goblins
  5 hobgoblins
  A quokka (D:2)
  3 giant newts
  7 kobolds
  2 rats
42 creatures vanquished.

Notes
Turn   | Place    | Note
--------------------------------------------------------------
     0 | D:1      | epen the Octopode Monk began the quest for the Orb.
     0 | D:1      | Reached XP level 1. HP: 16/16 MP: 1/1
   156 | D:1      | Found a shattered altar of Ashenzari.
   162 | D:1      | Reached XP level 2. HP: 13/21 MP: 2/2
   472 | D:1      | Reached XP level 3. HP: 20/26 MP: 3/3
  1083 | D:2      | Reached XP level 4. HP: 31/31 MP: 4/4
  1666 | D:2      | Found an oddly glowing altar of Pakellas.
  1861 | D:3      | Reached XP level 5. HP: 30/36 MP: 5/5
  1926 | D:3      | Killed from afar by an orc priest

Vault maps used:
D:1:      mushboom_english_gardens, st_stairs_3, evilmike_ruin_ashenzari
D:2:      grunt_pakellas_mercury, lemuel_another_geyser
D:3:      nicolae_ru_awakened_eye, uniq_terence

Skill      XL: |  1  2  3  4 |
---------------+-------------+-----
Stealth        | 3 4 |  4.0
Dodging        | 4 |  4.0
Fighting       | |  3.3
Unarmed Combat | |  4.8

Action                   |  1- 3 |  4- 6 || total
-------------------------+-------+-------++-------
Melee: Unarmed           |    60 |    51 ||   111
       Constrict         |    14 |    16 ||    30
       Tentacles         |     8 |     9 ||    17
       Punch             |     4 |       ||     4
 Stab: Sleeping          |     7 |     6 ||    13
  Eat: Chunk             |       |     2 ||     2
Armor: Skin              |     1 |     2 ||     3
Dodge: Dodged            |    27 |    26 ||    53
